 Dungeon Crawl Stone Soup version 0.31-a0-182-gc5ef74bbde (webtiles) character file.

Game seed: 16736830240750041850

2055 porpoise the Slicer (level 9, -2/54 HPs)
             Began as a Tengu Gladiator on June 21, 2023.
             Was an Initiate of Hepliaklqana.
             Slain by a troll (9 damage)
             ... on level 6 of the Dungeon.
             The game lasted 00:27:00 (5490 turns).

porpoise the Slicer (Tengu Gladiator)               Turns: 5490, Time: 00:27:01

Health: -2/54      AC: 12    Str: 19    XL:     9   Next: 25%
Magic:  10/10      EV: 20    Int:  8    God:    Hepliaklqana [......]
Gold:   413        SH:  0    Dex: 22    Spells: 8/8 levels left

rFire   + . .        b - +0 orcbow
rCold   . . .        (shield currently unavailable)
rNeg    + . .        G - +0 pearl dragon scales
rPois   .            c - +0 hat
rElec   .            g - +0 cloak
rCorr   .            A - +0 pair of gloves
SInv    .            (boots unavailable)
Will    .....        (no amulet)
Stlth   ++           n - ring "Esoem" {rF+ Str+4 Dex+2}
HPRegen 0.29/turn    l - +5 ring of evasion
MPRegen 0.12/turn

%: no passive effects
@: flying quickly and evasively, hasted, very quick
A: beak, talons 3, nimble flight
a: Renounce Religion


You were on level 6 of the Dungeon.
You worshipped Hepliaklqana.
Hepliaklqana was noncommittal.
You visited 2 branches of the dungeon, and saw 7 of its levels.
You also visited: Ossuary.

You collected 413 gold pieces.

Inventory:

Hand Weapons
 a - a +2 dagger of venom
 b - a +0 orcbow (weapon)
 E - a +0 rapier
 F - the +6 dagger "Plog" {vamp, rN++ Dex-3}
   (You found it on level 5 of the Dungeon)

   Dex:       It affects your dexterity (-3).
   rN:        It greatly protects you from negative energy.
Missiles
 d - 3 throwing nets
 e - a javelin
 D - 15 poisoned darts
 H - 3 boomerangs of dispersal
Armour
 c - a +0 hat (worn)
 g - a +0 cloak (worn)
 s - a +1 leather armour of poison resistance
 A - a +0 pair of gloves (worn)
 G - +0 pearl dragon scales (worn)
Jewellery
 j - a +6 ring of dexterity
 k - a +6 ring of intelligence
 l - a +5 ring of evasion (right hand)
 n - the ring "Esoem" (left hand) {rF+ Str+4 Dex+2}
   (You found it on level 3 of the Dungeon)

   [ring of protection from fire]

   Str:       It affects your strength (+4).
   Dex:       It affects your dexterity (+2).
   rF:        It protects you from fire.
Wands
 I - a wand of polymorph (7)
Scrolls
 f - 3 scrolls of immolation
 r - 4 scrolls of blinking
 v - a scroll of fog
 x - a scroll of vulnerability {unknown}
 y - a scroll of fear {unknown}
 C - a scroll of enchant armour {unknown}
Potions
 h - 3 potions of might
 i - a potion of invisibility
 m - a potion of mutation
 p - a potion of curing
 q - a potion of brilliance
 t - 2 potions of lignification
 u - a potion of magic {unknown}
 w - 4 potions of attraction
 z - a potion of haste
 B - a potion of enlightenment {unknown}


   Skills:
 - Level 5.0 Fighting
 - Level 10.0 Short Blades
 * Level 2.1 Ranged Weapons
 - Level 2.0 Throwing
 + Level 5.7 Dodging
 - Level 5.0 Stealth


You had 8 spell levels left.
You didn't know any spells.
Your spell library contained the following spells:

 Spells                   Type           Power      Damage    Failure   Level
 Freeze                   Ice            0%         1d3       87%         1
 Sting                    Tmut/Pois      0%         1d3       87%         1
 Poisonous Vapours        Pois/Air       0%         N/A       95%         2
 Frozen Ramparts          Ice            0%         1d1       99%         3
 Hailstorm                Conj/Ice       0%         3d3       99%         3
 Portal Projectile        Hex/Tloc       0%         N/A       99%         3
 Tukima's Dance           Hex            0%         N/A       99%         3
 Olgreb's Toxic Radiance  Pois           0%         N/A       100%        4
 Blade Hands              Tmut           0%         N/A       100%        5


Dungeon Overview and Level Annotations

Branches:
Dungeon (6/15)             Temple (1/1) D:4         Ossuary (visited)

Altars:
Ashenzari
Cheibriados
Elyvilon
Fedhas
Gozag
Hepliaklqana
Kikubaaqudgha
Makhleb
Nemelex Xobeh
Qazlal
Ru
Sif Muna
Trog
Uskayaw
Vehumet
Xom
Zin
The Shining One

Shops:
D:2 :

Annotations:
D:5 exclusion: upstairs


Innate Abilities, Weirdness & Mutations

You have a beak for a mouth.
You have claws for feet.
Your magical nature lets you fly swiftly and evasively.


Message History

The troll closely misses you. The troll barely misses you. The troll claws you.
The troll misses you.
You are too injured to fight recklessly!
You are too injured to fight recklessly!
You shoot an arrow. The arrow completely misses the troll.
The troll barely misses you. The troll completely misses you.
The troll claws you.
You shoot an arrow. The arrow barely misses the troll.
The troll closely misses you. The troll claws you!
* * * LOW HITPOINT WARNING * * *
The troll closely misses you. The troll misses you. x2
The troll claws you but does no damage.
You shoot an arrow. The arrow closely misses the troll.
The troll bites you!
* * * LOW HITPOINT WARNING * * *
The troll closely misses you. The troll barely misses you.
You feel much better. The troll barely misses you.
The troll closely misses you. The troll misses you.
You shoot an arrow. The arrow barely misses the troll.
The troll bites you!
* * * LOW HITPOINT WARNING * * *
The troll barely misses you. The troll completely misses you.
The troll misses you. The troll closely misses you.
The troll barely misses you.
You feel yourself speed up. The troll bites you.
* * * LOW HITPOINT WARNING * * *
The troll closely misses you. The troll claws you but does no damage.
You shoot an arrow. The arrow closely misses the troll.
The troll completely misses you. x2; The troll barely misses you.
You shoot an arrow. The arrow hits the troll!
The troll is severely wounded.
The troll bites you but does no damage. The troll misses you.
The troll claws you.
* * * LOW HITPOINT WARNING * * *
You shoot an arrow. The arrow closely misses the troll.
The troll bites you but does no damage. The troll barely misses you.
The troll claws you.
* * * LOW HITPOINT WARNING * * *
You shoot an arrow. The arrow barely misses the troll.
The troll barely misses you. The troll completely misses you.
The troll claws you!
You die...

#...# .##... #...#
#.......# #...#
#.#....... # #...##### .
.#......# #....†... .
...#.#.####...#####
####.#..#...............
.....#.T#...............
#...@................
#.#......###....#.### #
##.#.### #.........
#.#..#.# #..†.#.###
#.#.##.# #....#.#
#......# #....#.#
###.#### #......###
##.#####.# ##.....†.#
.........###
##########.#


You could see a troll.

Vanquished Creatures
  An orc warrior (D:6)
  An ice beast (D:6)
  2 black bears (D:6)
  2 centaurs (D:6)
  A kobold brigand (D:6)
  A gnoll sergeant (D:4)
  2 scorpions
  4 water moccasin zombies (Ossuary)
  5 killer bees (D:6)
  2 centaur zombies (Ossuary)
  3 hounds
  Terence (D:2)
  4 sleepcaps
  5 iguanas
  2 scorpion zombies (Ossuary)
  2 ogre zombies (Ossuary)
  2 mummies
  Robin (D:2)
  11 gnolls
  6 adders
  A shadow imp (D:6)
  2 white imps
  2 ufetubi (D:4)
  An adder zombie (Ossuary)
  4 dart slugs
  10 orcs
  9 ball pythons
  5 bats
  10 endoplasms
  3 giant cockroaches
  3 gnoll zombies (Ossuary)
  10 hobgoblins
  A jackal (D:3)
  11 kobolds
  5 quokkas
  2 frilled lizards (D:1)
  14 goblins
  4 goblin zombies
  3 hobgoblin zombies (Ossuary)
  A kobold zombie (D:4)
  3 orc zombies (Ossuary)
  6 rats
168 creatures vanquished.

Notes
Turn   | Place    | Note
-------+----------+-------------------------------------------
     0 | D:1      | porpoise the Tengu Gladiator began the quest for the Orb.
     0 | D:1      | Reached XP level 1. HP: 12/12 MP: 2/2
   134 | D:1      | Reached XP level 2. HP: 17/17 MP: 3/3
   332 | D:1      | Reached skill level 1 in Stealth
   574 | D:1      | Reached skill level 4 in Short Blades
   574 | D:1      | Reached XP level 3. HP: 22/22 MP: 4/4
   826 | D:2      | Found Ibarghya's Vocational Training.
   952 | D:2      | Noticed Robin
   972 | D:2      | Killed Robin
   982 | D:2      | Reached XP level 4. HP: 27/27 MP: 5/5
  1365 | D:2      | Noticed Terence
  1371 | D:2      | Killed Terence
  1454 | D:3      | Gained mutation: Your magical nature lets you fly swiftly
                  | and evasively. [Tengu growth]
  1454 | D:3      | Reached XP level 5. HP: 32/32 MP: 6/6
  1465 | D:3      | Reached skill level 5 in Short Blades
  1707 | D:4      | Found a sand-covered staircase.
  1712 | Ossuary  | Entered an ossuary
  2007 | Ossuary  | Reached XP level 6. HP: 37/37 MP: 7/7
  2090 | Ossuary  | Reached skill level 6 in Short Blades
  2205 | Ossuary  | Reached XP level 7. HP: 41/43 MP: 8/8
  2260 | Ossuary  | Noticed a silent spectre
  2475 | D:4      | Reached skill level 7 in Short Blades
  2708 | D:3      | Identified the +1 helmet of Mipruen {Harm Rampage *Corrode
                  | Stlth+}
  2804 | D:3      | Identified the ring "Esoem" {rF+ Str+4 Dex+2}
  3413 | D:4      | Reached XP level 8. HP: 37/48 MP: 9/9
  3690 | D:4      | Found a staircase to the Ecumenical Temple.
  3843 | D:5      | Entered Level 5 of the Dungeon
  3969 | D:5      | Reached skill level 5 in Fighting
  4140 | D:5      | Identified the +6 dagger "Plog" {vamp, rN++ Dex-3}
  4217 | D:5      | Reached skill level 8 in Short Blades
  4486 | D:6      | Reached skill level 5 in Stealth
  4749 | D:6      | Reached skill level 9 in Short Blades
  4881 | Temple   | Entered the Ecumenical Temple
  5030 | Temple   | Became a worshipper of Hepliaklqana the Forgotten
  5064 | D:6      | Reached XP level 9. HP: 54/54 MP: 10/10
  5080 | D:6      | Reached skill level 5 in Dodging
  5095 | D:6      | Reached skill level 10 in Short Blades
  5152 | D:6      | Reached skill level 1 in Ranged Weapons
  5473 | D:6      | Noticed a troll
  5483 | D:6      | HP: 1/54 [troll (13)]
  5490 | D:6      | Slain by a troll

Illustrated notes

Levels and vault maps discovered:
D:1:      sevenhm_arrival_forest_fort_large_4, layout_rooms, minmay_heptomino_w4
D:2:      layout_basic, nicolae_shop_vocational, uniq_robin, uniq_terence
D:3:      layout_loops_ring, mrwooster_statue_mirror, minmay_circle_x
D:4:      layout_rooms, minmay_temple_entry_from_below_a,
          nicolae_ossuary_entry_giza
D:5:      layout_cave_pools, minivault_14, grunt_decor_resistance,
          feat_on_display
D:6:      layout_loops_cross
Temple:   nicolae_temple_bog_church

Skill      XL: |  1  2  3  4  5  6  7  8  9 |
---------------+----------------------------+-----
Stealth        | 1 2 3 4 5 |  5.0
Short Blades   | 4 5 6 7 9 10 | 10.0
Fighting       | 3 4 5 |  5.0
Dodging        | 4 5 |  5.7
Ranged Weapons | 2 |  2.1
Throwing       | |  2.0

Action                     |  1- 3 |  4- 6 |  7- 9 || total
---------------------------+-------+-------+-------++-------
  Melee: Rapier            |    78 |   120 |   139 ||   337
         Peck              |    14 |    30 |    51 ||    95
         Kick              |    16 |    49 |    75 ||   140
         Punch             |       |     2 |     4 ||     6
         Dagger            |       |       |    83 ||    83
   Fire: Sling             |       |       |    68 ||    68
         Orcbow            |       |       |    37 ||    37
    Use: Scroll            |     1 |     8 |     6 ||    15
         Potion            |       |       |     2 ||     2
   Stab: Sleeping          |     3 |     5 |    11 ||    19
 Armour: Leather armour    |    10 |     8 |    16 ||    34
         Pearl dragon scal |       |       |    12 ||    12
  Dodge: Dodged            |    37 |    76 |   204 ||   317

Table legend: (Time is in decaauts)
 A = Elapsed time spent in this place.
 B = Non-inter-level travel time spent in this place.
 C = Inter-level travel time spent in this place.
 D = Time resting spent in this place.
 E = Time spent auto-exploring this place.
 F = Levels seen in this place.
 G = Mean time per level.
                   A        B        C        D        E       F      G
               +--------+--------+--------+--------+--------+-----+--------+
         Total |   5214 |   4895 |    319 |   1348 |   2081 |   8 |  651.8 |
       Dungeon |   4484 |   4182 |    302 |   1058 |   1964 |   6 |  747.3 |
        Temple |    142 |    125 |     17 |      0 |    113 |   1 |  142.0 |
       Ossuary |    588 |    588 |      0 |    290 |      3 |   1 |  588.0 |
               +--------+--------+--------+--------+--------+-----+--------+

Top non-repeatable levels by time:
     D:4: 904 daAuts
     D:1: 824 daAuts
     D:3: 813 daAuts
     D:6: 741 daAuts
     D:5: 621 daAuts
 Ossuary: 588 daAuts
     D:2: 579 daAuts
  Temple: 142 daAuts
